 Dungeon Crawl Stone Soup version 0.18.1-50-g88ac8fd (webtiles) character file.

205 jerryfan the Conjurer (level 5, -1/40 HPs)
             Began as a Draconian Conjurer on Oct 1, 2016.
             Slain by a crocodile (13 damage)
             ... in a sewer on Oct 3, 2016.
             The game lasted 00:20:05 (2878 turns).

jerryfan the Conjurer (Draconian Conjurer)          Turns: 2878, Time: 00:20:06

Health: -1/40      AC:  6    Str: 17 (18) XL:     5   Next: 52%
Magic:  2/9        EV: 12    Int: 16      God:
Gold:   185        SH:  0    Dex: 10 (12) Spells: 3 memorised, 4 levels left

rFire  . . .     SeeInvis .     p - +2 quarterstaff (chaos)
rCold  . . .     Gourm    .     (armour unavailable)
rNeg   . . .     Faith    .     (shield currently unavailable)
rPois  .         Spirit   .     (helmet restricted)
rElec  .         Dismiss  .     q - +0 cloak {+Inv}
rCorr  .         Reflect  .     (no gloves)
SustAt .         Harm     .     (no boots)
MR     .....                    g - amulet of regeneration
Stlth  ++........               (no ring)
                                n - +3 ring of strength

@: mighty, very slightly contaminated, not resistant to hostile enchantments,
unstealthy
A: unfitting armour, cold-blooded, AC +5
a: Evoke Invisibility


You were in a sewer.
You were hungry.

You visited 1 branch of the dungeon, and saw 3 of its levels.
You also visited: Sewer.

You collected 185 gold pieces.

Inventory:

Hand Weapons
 e - a +0 mace
 m - a +0 dagger of flaming
 p - a +2 quarterstaff of chaos (weapon)
Armour
 q - a +0 cloak of invisibility (worn)
Jewellery
 g - an amulet of regeneration (around neck)
 n - a +3 ring of strength (left hand)
Wands
 r - a wand of digging (20/24)
Scrolls
 d - 2 scrolls of remove curse
 h - a scroll of identify {unknown}
 i - a scroll of amnesia {unknown}
 l - a scroll of blinking {unknown}
 o - 2 scrolls of enchant armour {unknown}
Potions
 t - a potion of flight {unknown}
Books
 a - a book of Conjurations

   Spells                             Type                      Level
   a - Magic Dart                     Conjuration                  1
   b - Searing Ray                    Conjuration                  2
   c - Dazzling Spray                 Conjuration/Hexes            3
   d - Fulminant Prism                Conjuration/Hexes            4
   e - Iskenderun's Mystic Blast      Conjuration                  4
   f - Iskenderun's Battlesphere      Conjuration/Charms           5
Comestibles
 b - 2 bread rations
 c - 2 slices of pizza
 f - 2 chunks of flesh
 j - 3 meat rations
 k - 2 fruits


   Skills:
 * Level 1.5 Fighting
 * Level 1.5 Maces & Flails
 + Level 0.2(1.0) Staves
 * Level 2.8 Dodging
 - Level 2.0 Stealth
 * Level 3.0 Spellcasting
 + Level 5.0 Conjurations
 + Level 0.2 Evocations


You had 4 spell levels left.
You knew the following spells:

 Your Spells              Type           Power        Failure   Level  Hunger
a - Magic Dart            Conj           ###.         2%          1    #......
b - Searing Ray           Conj           ###...       4%          2    ##.....
c - Dazzling Spray        Conj/Hex       ##....       21%         3    ###....


Dungeon Overview and Level Annotations

Branches:
Dungeon (3/15)

Altars:
Nemelex Xobeh


Innate Abilities, Weirdness & Mutations

Your plain brown scales are hard (AC +5).
Your body does not fit into most forms of armour.
You are cold-blooded and may be slowed by cold attacks.


Message History

Moving in this stuff is going to be slow.
The crocodile closely misses you.
You barely miss the crocodile. The crocodile barely misses you.
The crocodile bites you.
You hit the crocodile.
The crocodile is moderately wounded.
The crocodile bites you!
You barely miss the crocodile.
The crocodile is moderately wounded.
The crocodile closely misses you.
You hit the crocodile but do no damage.
The crocodile flickers and vanishes!
Deactivating autopickup; reactivate with Ctrl-A.
Something bites you!
Drink which item? (? for menu, Esc to quit)
It was a potion of might.
You feel very mighty all of a sudden. Something bites you.
* * * LOW HITPOINT WARNING * * *
You thump something! Something bites you!
You die...

#≈##..# ####
#≈###.## # ..≈.##
##≈##...# (? ###
≈.≈≈..### #.≈.#...#
/.##≈. #≈..≈.###
#.≈.....# ##.≈≈.
#≈≈...###.≈.....#
.≈....##
##..≈.≈...≈.#####
#.≈≈..###
###≈....###.≈.....#
#.....####.≈{@.###
#.≈...∩.#
#..≈.≈...≈.###
#.†.#.∩.#
###....§.###
##)##...# ########
#†###### #≈# ###


There were no monsters in sight!

Vanquished Creatures
  Crazy Yiuf (D:2)
  Jessica (D:2)
  Natasha (twice) (D:2)
  2 river rats (D:3)
  An adder (D:3)
  An ooze (D:1)
  A worm (D:3)
  3 dart slugs
  A giant gecko (D:3)
  A ball python (D:2)
  6 bats
  4 giant cockroaches
  2 goblins
  5 hobgoblins
  6 jackals
  11 kobolds
  A quokka (D:2)
  7 giant newts
  4 rats
60 creatures vanquished.

Notes
Turn   | Place    | Note
--------------------------------------------------------------
     0 | D:1      | jerryfan the Draconian Conjurer began the quest for the Orb.
     0 | D:1      | Reached XP level 1. HP: 14/14 MP: 3/3
   118 | D:1      | Reached XP level 2. HP: 20/20 MP: 0/5
   700 | D:1      | Learned a level 2 spell: Searing Ray
   782 | D:2      | Noticed Jessica
   786 | D:2      | Killed Jessica
   786 | D:2      | Reached XP level 3. HP: 27/27 MP: 2/6
   816 | D:2      | Found a sparkling altar of Nemelex Xobeh.
   816 | D:2      | Noticed Natasha
   830 | D:2      | Killed Natasha
   830 | D:2      | Reached skill level 1 in Fighting
   830 | D:2      | Reached XP level 4. HP: 9/35 MP: 2/7
  1430 | D:2      | Reached skill level 1 in Maces & Flails
  1654 | D:2      | Noticed Crazy Yiuf
  1660 | D:2      | Killed Crazy Yiuf
  1859 | D:2      | Noticed Natasha
  1994 | D:2      | Reached skill level 5 in Conjurations
  2283 | D:2      | Killed Natasha
  2283 | D:2      | Reached XP level 5. HP: 28/40 MP: 0/9
  2411 | D:3      | Learned a level 3 spell: Dazzling Spray
  2708 | D:3      | Found a glowing drain.
  2745 | Sewer    | Entered a sewer
  2858 | Sewer    | Noticed a crocodile
  2878 | Sewer    | Slain by a crocodile

Skill      XL: |  1  2  3  4  5 |
---------------+----------------+-----
Stealth        | 2 |  2.0
Dodging        | 2 |  2.8
Fighting       | 1 |  1.5
Maces & Flails | 1 |  1.5
Conjurations   | 5 |  5.0
Spellcasting   | 3 |  3.0
Staves         | |  0.2
Evocations     | |  0.2

Action                   |  1- 3 |  4- 6 || total
-------------------------+-------+-------++-------
Melee: Mace              |    16 |     7 ||    23
       Quarterstaff      |       |    30 ||    30
       Tailslap          |       |     2 ||     2
 Cast: Magic Dart        |    31 |    59 ||    90
       Searing Ray       |     2 |     4 ||     6
       Dazzling Spray    |       |     3 ||     3
 Abil: Evoke Invisibilit |       |     1 ||     1
  Use: Potion            |     1 |     2 ||     3
       Scroll            |       |     6 ||     6
 Stab: Sleeping          |       |     2 ||     2
       Invisible         |       |     1 ||     1
  Eat: Chunk             |       |     5 ||     5
       Fruit             |       |     3 ||     3
Armor: Skin              |     5 |    11 ||    16
Dodge: Dodged            |    11 |    19 ||    30
